 Dungeon Crawl Stone Soup version 0.32-a0-128-g77eb882913 (webtiles) character file.

Game seed: 1853771866654543697

2 Nattfarinn the Changeling (level 1, 0/18 HPs)
             Began as a Naga Shapeshifter on Feb 8, 2024.
             Slain by a hobgoblin (2 damage)
             ... on level 1 of the Dungeon.
             The game lasted 00:00:12 (81 turns).

Nattfarinn the Changeling (Naga Shapeshifter)         Turns: 81, Time: 00:00:13

Health: 0/18       AC:  1    Str: 16    XL:     1   Next: 40%
Magic:  1/1        EV:  9    Int: 10    God:
Gold:   10         SH:  0    Dex: 10    Spells: 0/0 levels left

rFire   . .          .
                       - Unarmed
rCold   . . .        (no shield)
rNeg    . . .        a - +0 animal skin
rPois   +            (helmet currently unavailable)
rElec   .            (cloak currently unavailable)
rCorr   .            (gloves currently unavailable)
SInv    +            (no barding)
Will    .....        (no amulet)
Stlth   +            (no ring)
HPRegen 0.23/turn    (no ring)
MPRegen 0.07/turn

%: no passive effects
@: beast-form, very slow
A: beast (slay +1), AC +0, large, see invisible, deformed body, poison
resistance, slowness 2, spit poison 1, naga tail 1
a: Spit Poison, Begin Untransformation


You were on level 1 of the Dungeon.
You were a hulking beast.
You visited 1 branch of the dungeon, and saw 1 of its levels.

You collected 10 gold pieces.

Inventory:

Armour
 a - a +0 animal skin (worn)
Talismans
 c - a beast talisman
 d - a flux talisman
Scrolls
 e - a scroll of fog {unknown}
Potions
 b - a potion of lignification


   Skills:
 - Level 1.0 Fighting
 - Level 1.5 Dodging
 - Level 3.0 Unarmed Combat
 + Level 3.1 Shapeshifting


You couldn't memorise any spells.
You didn't know any spells.
Your spell library was empty.

Dungeon Overview and Level Annotations

Branches:
Dungeon (1/15)

Altars:


Innate Abilities, Weirdness & Mutations

You are a hulking beast.
Your limbs bulge with bestial killing power. (Slay +1)
Your serpentine skin is tough. (AC +0)
You have supernaturally acute eyesight. (SInv)
Armour fits poorly on your strangely shaped body.
Your system is resistant to poisons. (rPois)
You cover ground very slowly.
You can spit poison.
You have a snake-like lower body.


Message History

HP restored.
e - a scroll labelled JAECEYV GOPT A hobgoblin comes into view.
The hobgoblin shouts!
A quokka comes into view.
There are monsters nearby!
A goblin comes into view. It is wielding a +0 dagger.
The splash of poison hits the quokka.
The quokka is poisoned.
The quokka is moderately wounded.
The goblin shouts!
The quokka bites you.
You can't do that yet.
You barely miss the quokka.
The quokka is heavily wounded.
The quokka barely misses you. The hobgoblin hits you.
The quokka barely misses you.
You hit the quokka but do no damage.
The quokka is heavily wounded.
The hobgoblin hits you.
The quokka bites you but does no damage.
You hit the quokka but do no damage.
The quokka is heavily wounded.
The quokka barely misses you.
You hit the quokka but do no damage.
The quokka is heavily wounded.
You have got your breath back.
The quokka barely misses you. The goblin hits you with a +0 dagger.
The hobgoblin closely misses you.
You miss the quokka.
The quokka is heavily wounded.
The quokka bites you. The hobgoblin closely misses you.
The goblin hits you with a +0 dagger.
* * * LOW HITPOINT WARNING * * *
You are too injured to fight recklessly!
You are too injured to fight recklessly!
The quokka looks more healthy.
The quokka attacks as it pursues you! The quokka bites you.
* * * LOW HITPOINT WARNING * * *
The hobgoblin hits you.
You die...

..... ....
... ####..
#.... #...#
#g..# +.rg#
#..h# #...#
#...# #...#
#...##
#....####
####....###
####...#
###.#


You could see a quokka, a hobgoblin and a goblin.

Vanquished Creatures
  A dart slug (D:1)
1 creature vanquished.

Notes
Turn   | Place    | Note
-------+----------+-------------------------------------------
     0 | D:1      | Nattfarinn the Naga Shapeshifter began the quest for the
                  | Orb.
     0 | D:1      | Reached XP level 1. HP: 18/18 MP: 1/1
    81 | D:1      | Slain by a hobgoblin

Illustrated notes

Levels and vault maps discovered:
D:1:      dpeg_arrival_boxes_within_box, layout_basic, serial_shops, shop,
          kennysheep_decorative_pillar

Action                     || total
---------------------------++-------
  Melee: Unarmed           ||     6
Ability: Spit Poison       ||     2
 Armour: Animal skin       ||    12
  Dodge: Dodged            ||     7

Table legend: (Time is in decaauts)
 A = Elapsed time spent in this place.
 B = Non-inter-level travel time spent in this place.
 C = Inter-level travel time spent in this place.
 D = Time resting spent in this place.
 E = Time spent auto-exploring this place.
 F = Levels seen in this place.
 G = Mean time per level.
                   A        B        C        D        E       F      G
               +--------+--------+--------+--------+--------+-----+--------+
         Total |     96 |     96 |      0 |      0 |     75 |   1 |   96.0 |
       Dungeon |     96 |     96 |      0 |      0 |     75 |   1 |   96.0 |
               +--------+--------+--------+--------+--------+-----+--------+

Top non-repeatable levels by time:
     D:1: 96 daAuts
